 Dungeon Crawl Stone Soup version 0.26-a0-504-g0cf647090d (webtiles) character file.

Game seed: 9954636405645467770

43 ReteAZ the Sneak (level 3, -1/21 HPs)
             Began as a Kobold Brigand on Aug 8, 2020.
             Slain by a frilled lizard (2 damage)
             ... on level 2 of the Dungeon.
             The game lasted 00:01:22 (1186 turns).

ReteAZ the Sneak (Kobold Brigand)                   Turns: 1186, Time: 00:01:22

Health: -1/21      AC:  3    Str:  8    XL:     3   Next: 82%
Magic:  3/3        EV: 14    Int: 12    God:
Gold:   90         SH:  0    Dex: 17    Spells: 2/2 levels left

rFire    . . .     SeeInvis .   a - +2 dagger
rCold    . . .     Faith    .   (shield restricted)
rNeg     . . .     Spirit   .   b - +0 robe
rPois    .         Reflect  .   (no helmet)
rElec    .         Harm     .   c - +0 cloak
rCorr    .                      (no gloves)
MR       .....                  (no boots)
Stlth    +++++.....             (no amulet)
HPRegen  0.07/turn              (no ring)
MPRegen  0.08/turn              (no ring)

@: no status effects
A: small, nightstalker 3
a: no special abilities


You were on level 2 of the Dungeon.
You visited 1 branch of the dungeon, and saw 2 of its levels.

You collected 90 gold pieces.

Inventory:

Hand Weapons
 a - a +2 dagger (weapon)
Missiles
 d - 8 poisoned darts (quivered)
 e - 2 curare-tipped darts
Armour
 b - a +0 robe (worn)
 c - a +0 cloak (worn)
Jewellery
 f - a cursed ring of teleportation {unknown}
 o - an uncursed ring of protection from magic {unknown}
 q - an uncursed amulet of magic regeneration {unknown}
Scrolls
 g - a scroll of fog {unknown}
 h - 2 scrolls of magic mapping {unknown}
 l - a scroll of enchant armour {unknown}
 n - a scroll of identify {unknown}
 p - a scroll of immolation {unknown}
Potions
 i - a potion of brilliance {unknown}
 j - a potion of stabbing {unknown}
 k - a potion of mutation {unknown}
 m - a potion of lignification {unknown}


   Skills:
 - Level 2.1 Fighting
 - Level 2.6 Short Blades
 - Level 2.1 Throwing
 - Level 1.2 Dodging
 + Level 7.2 Stealth


You had 2 spell levels left.
You didn't know any spells.
Your spell library was empty.

Dungeon Overview and Level Annotations

Branches:
Dungeon (2/15)

Altars:
Nemelex Xobeh


Innate Abilities, Weirdness & Mutations

You are small and have problems with some larger weapons.
You are completely attuned to the shadows.


Message History

You see here a throwing net.
You tear a large gash into the net.
The gnoll hits you from afar with a +0 spear!
You struggle against the net.
The gnoll closely misses you.
You struggle against the net.
The adder bites you but does no damage. The gnoll hits you.
The frilled lizard bites you but does no damage.
The gnoll hits you from afar with a +0 spear.
The gnoll barely misses you. The adder barely misses you.
You rip the net and break free!
The gnoll misses you. The frilled lizard misses you.
The gnoll hits you from afar with a +0 spear.
* * * LOW HITPOINT WARNING * * *
The adder misses you.
The gnoll hits you from afar with a +0 spear.
* * * LOW HITPOINT WARNING * * *
The adder bites you.
* * * LOW HITPOINT WARNING * * *
The frilled lizard bites you.
You die...

####### ......##
#####..# ######## #
##.# ###....... # #.#
.......... # #.##
....g.g.... # #..#
...lgS.....
#######.###
....@......
..........+
....<......
#######.###........###
.# #...............#
.# #.......#######.#
.# #.......# #.# ##
#####'### #.# #.## #.#
#..# #.#


You could see 3 gnolls, an adder and a frilled lizard.

Vanquished Creatures
  A dart slug (D:1)
  2 leopard geckos (D:1)
  2 bats (D:1)
  2 giant cockroaches (D:1)
  6 goblins
  4 hobgoblins
  6 jackals
  3 kobolds (D:1)
  A quokka (D:2)
  A ball python (D:1)
  2 frilled lizards (D:1)
  3 rats (D:1)
33 creatures vanquished.

Notes
Turn   | Place    | Note
-------+----------+-------------------------------------------
     0 | D:1      | ReteAZ the Kobold Brigand began the quest for the Orb.
     0 | D:1      | Reached XP level 1. HP: 12/12 MP: 1/1
   171 | D:1      | Reached XP level 2. HP: 17/17 MP: 2/2
   180 | D:1      | Reached skill level 6 in Stealth
   247 | D:1      | Reached XP level 3. HP: 17/21 MP: 3/3
   672 | D:1      | Reached skill level 7 in Stealth
  1041 | D:2      | Found a sparkling altar of Nemelex Xobeh.
  1186 | D:2      | HP: 1/21 [adder (2)]
  1186 | D:2      | Slain by a frilled lizard

Illustrated notes

Levels and vault maps discovered:
D:1:      wander_arrival_peaceful_grave, layout_basic, minmay_tripent
D:2:      layout_basic, nemelex_altar_shiori, uniq_robin

Skill      XL: |  1  2  3 |
---------------+----------+-----
Stealth        | 6 7 |  7.2
Fighting       | |  2.1
Short Blades   | |  2.6
Throwing       | |  2.1
Dodging        | |  1.2

Action                   || total
-------------------------++-------
Melee: Dagger            ||    53
 Stab: Sleeping          ||    23
Armor: Robe              ||     3
Dodge: Dodged            ||    21

Table legend: (Time is in decaauts)
 A = Elapsed time spent in this place.
 B = Non-inter-level travel time spent in this place.
 C = Inter-level travel time spent in this place.
 D = Time resting spent in this place.
 E = Time spent auto-exploring this place.
 F = Levels seen in this place.
 G = Mean time per level.
                   A        B        C        D        E       F      G
               +--------+--------+--------+--------+--------+-----+--------+
         Total |   1178 |   1158 |     20 |      2 |    979 |   2 |  589.0 |
       Dungeon |   1178 |   1158 |     20 |      2 |    979 |   2 |  589.0 |
               +--------+--------+--------+--------+--------+-----+--------+

Top non-repeatable levels by time:
     D:1: 872 daAuts
     D:2: 306 daAuts
